 Dungeon Crawl Stone Soup version 0.19.1 (webtiles) character file.

513 dajomu the Slasher (level 7, 0/60 HPs)
             Began as a Minotaur Fighter on Dec 14, 2016.
             Was an Initiate of Gozag.
             Slain by an orc warrior
             ... wielding a +0 mace
              (2 damage)
             ... on level 3 of the Dungeon.
             The game lasted 00:15:20 (3149 turns).

dajomu the Slasher (Minotaur Fighter)               Turns: 3149, Time: 00:15:21

Health: 0/60       AC: 10    Str: 20    XL:     7   Next: 0%
Magic:  6/6        EV:  9    Int:  6    God:    Gozag
Gold:   258        SH: 10    Dex: 11    Spells: 0 memorised, 6 levels left

rFire  . . .     SeeInvis .     a - +0 long sword
rCold  . . .     Gourm    .     o - +3 ring mail
rNeg   . . .     Faith    .     c - +0 shield
rPois  .         Spirit   .     (helmet restricted)
rElec  .         Reflect  .     (no cloak)
rCorr  .         Harm     .     (no gloves)
MR     .....                    k - +0 pair of boots
Stlth  +.........               h - amulet of magic regeneration
                                (no ring)
                                (no ring)

@: no status effects
A: retaliatory headbutt, horns 2
a: Potion Petition, Call Merchant, Bribe Branch, Renounce Religion


You were on level 3 of the Dungeon.
You worshipped Gozag.
Gozag was aware of your devotion.
You were not hungry.

You visited 1 branch of the dungeon, and saw 3 of its levels.

You collected 269 gold pieces.
You paid 11 gold pieces to Gozag.

Inventory:

Hand Weapons
 a - a +0 long sword (weapon)
 j - a +0 dagger of venom
 n - a +2 dagger of holy wrath
 p - a +0 whip of venom
 u - a +0 scythe
Armour
 b - a +0 scale mail
 c - a +0 shield (worn)
 f - a +0 ring mail
 k - a +0 pair of boots (worn)
 o - a +3 ring mail (worn)
 v - a +2 robe of the Archmagi
Jewellery
 h - an amulet of magic regeneration (around neck)
Scrolls
 i - a scroll of random uselessness {unknown}
 l - a scroll of teleportation {unknown}
 s - 2 scrolls of remove curse {unknown}
Potions
 d - a potion of might
 e - a potion of lignification {unknown}
 g - 2 potions of curing {unknown}
 t - a potion of mutation {unknown}
 w - a potion of degeneration {unknown}
Comestibles
 m - a bread ration
 r - a meat ration


   Skills:
 + Level 4.7 Fighting
 + Level 5.8 Long Blades
 + Level 5.3 Armour
 + Level 1.2 Dodging
 + Level 0.5 Stealth
 + Level 5.6 Shields


You had 6 spell levels left.
You didn't know any spells.

Dungeon Overview and Level Annotations

Branches:
Dungeon (3/15)

Altars:
Elyvilon
Fedhas
Gozag
Nemelex Xobeh


Innate Abilities, Weirdness & Mutations

You reflexively headbutt those who attack you in melee.
You have a pair of horns on your head.


Message History

Unknown command.
You hit the orc warrior. Your headbutt misses the orc warrior.
The orc warrior is almost dead.
You block the orc warrior's attack.
You hit the orc warrior but do no damage.
Your headbutt misses the orc warrior.
The orc warrior is almost dead.
You block the orc warrior's attack.
You closely miss the orc warrior.
The orc warrior is almost dead.
You block the orc warrior's attack.
You hit the orc warrior.
The orc warrior is almost dead.
The orc warrior hits you with a mace.
* * * LOW HITPOINT WARNING * * *
You hit the orc warrior but do no damage.
The orc warrior is almost dead.
The orc warrior hits you with a mace.
You die...
Your body crumbles into a pile of gold.

.# #...#...##...... .#
#...#...##...... .#
#...#...##...... .#.
#...#...##......
.#..###########..#...#...######'#
.#...............#...#...# #.#
.#...............#...#)..# #.#
.######'##########...#...# #.#
................@o...#...# #.#
.....................#...# ####'#
######################...# #.....
.............(...........# #.....
.........................# #.....
.........................# #.....
####.#########.........### #.....
#.# #.........#####..... #.#
#.......>.'.........


You could see an orc warrior.

Vanquished Creatures
  Sigmund (D:3)
  The ghost of Krapule the Ruffian, an amateur NaTm (D:3)
  A water moccasin (D:3)
  5 adders (D:2)
  A worm (D:3)
  2 orcs (D:3)
  3 bats
  6 giant cockroaches
  8 goblins
  10 hobgoblins
  3 jackals (D:2)
  2 quokkas
  2 frilled lizards
  5 kobolds (D:2)
  9 rats
59 creatures vanquished.

Notes
Turn   | Place    | Note
-------+----------+-------------------------------------------
     0 | D:1      | dajomu the Minotaur Fighter began the quest for the Orb.
     0 | D:1      | Reached XP level 1. HP: 19/19 MP: 0/0
   220 | D:1      | Reached XP level 2. HP: 27/27 MP: 1/1
  1031 | D:2      | Reached XP level 3. HP: 13/33 MP: 2/2
  1365 | D:2      | Found a sparkling altar of Nemelex Xobeh.
  1365 | D:2      | Found an opulent altar of Gozag.
  1399 | D:2      | Became a worshipper of Gozag Ym Sagoz the Greedy
  1883 | D:2      | Reached XP level 4. HP: 40/40 MP: 3/3
  2235 | D:2      | Found a blossoming altar of Fedhas.
  2790 | D:3      | Noticed a water moccasin
  2807 | D:3      | Killed a water moccasin
  2807 | D:3      | Reached skill level 5 in Shields
  2807 | D:3      | Reached XP level 5. HP: 27/46 MP: 4/4
  3027 | D:3      | Noticed Sigmund
  3048 | D:3      | Killed Sigmund
  3048 | D:3      | Reached skill level 5 in Long Blades
  3048 | D:3      | Reached skill level 5 in Armour
  3048 | D:3      | Reached skill level 1 in Dodging
  3048 | D:3      | Reached XP level 6. HP: 30/53 MP: 5/5
  3080 | D:3      | Found a white marble altar of Elyvilon.
  3081 | D:3      | Noticed Krapule's ghost (amateur NaTm)
  3095 | D:3      | Noticed an orc warrior
  3108 | D:3      | Killed Krapule's ghost
  3108 | D:3      | Reached XP level 7. HP: 35/60 MP: 6/6
  3144 | D:3      | HP: 2/60 [orc warrior/mace (13)]
  3149 | D:3      | Slain by an orc warrior

Skill      XL: |  1  2  3  4  5 |
---------------+----------------+-----
Armour         | 4 5 |  5.3
Shields        | 4 5 |  5.6
Long Blades    | 3 4 5 |  5.8
Fighting       | 4 |  4.7
Dodging        | 1 |  1.2
Stealth        | |  0.5

Action                   |  1- 3 |  4- 6 |  7- 9 || total
-------------------------+-------+-------+-------++-------
Melee: Long sword        |    79 |    87 |    14 ||   180
       Headbutt          |    13 |    19 |       ||    32
  Use: Scroll            |     2 |     1 |     1 ||     4
  Eat: Bread ration      |     1 |     1 |       ||     2
Armor: Scale mail        |    55 |    20 |       ||    75
       Ring mail         |       |    18 |     2 ||    20
Dodge: Dodged            |    16 |    28 |     1 ||    45
Block: Shield            |    47 |    49 |     9 ||   105
       Rpst.: Long sword |     4 |     7 |     1 ||    12
